 Dungeon Crawl Stone Soup version 0.21.1-1-g345015f (webtiles) character file.

60 Hylith the Grave Robber (level 4, 0/48 HPs)
             Began as a Gnoll Necromancer on May 30, 2018.
             Succumbed to Crazy Yiuf's poison
             ... on level 2 of the Dungeon.
             The game lasted 00:07:22 (598 turns).

Hylith the Grave Robber (Gnoll Necromancer)          Turns: 598, Time: 00:07:23

Health: 0/48       AC: 22    Str: 10    XL:     4   Next: 4%
Magic:  1/11       EV:  2    Int: 19    God:
Gold:   31         SH:  0    Dex: 15    Spells: 9/13 levels left

rFire    . . .     SeeInvis .   j - +0 long sword
rCold    . . .     Gourm    .   (no shield)
rNeg     + + +     Faith    .   (armour currently unavailable)
rPois    +         Spirit   .   (helmet currently unavailable)
rElec    .         Reflect  .   (cloak currently unavailable)
rCorr    .         Harm     +   (gloves currently unavailable)
MR       .....     NoTele   +   (boots currently unavailable)
Stlth    +++.......             g - amulet of harm
HPRegen  0.16/turn              (no ring)
MPRegen  0.12/turn              (no ring)

@: lethally poisoned (0 -> -11), tree-form
A: distributed training, strong nose
a: no special abilities


You were on level 2 of the Dungeon.
You were not hungry.
You were a tree.
You visited 1 branch of the dungeon, and saw 2 of its levels.

You collected 31 gold pieces.

Inventory:

Hand Weapons
 f - a +0 dagger
 h - a +0 hand axe
 j - a +0 long sword (weapon)
Armour
 a - a +0 robe
 e - a +0 ring mail (melded)
Jewellery
 g - an amulet of harm (around neck)
Scrolls
 d - 4 scrolls of identify {unknown}
 l - a scroll of teleportation {unknown}
Potions
 i - a potion of heal wounds {unknown}
Books
 b - a book of Necromancy

   Spells                             Type                      Level
   a - Pain                           Necromancy                   1
   b - Animate Skeleton               Necromancy                   1
   c - Vampiric Draining              Necromancy                   3
   d - Regeneration                   Charms/Necromancy            3
   e - Animate Dead                   Necromancy                   4
   f - Borgnjor's Vile Clutch         Necromancy/Earth             5
Comestibles
 c - 2 rations


   Skills:
 + Level 1.0 Fighting
 + Level 1.0 Short Blades
 + Level 1.0 Long Blades
 + Level 1.0 Axes
 + Level 1.0 Maces & Flails
 + Level 1.0 Polearms
 + Level 1.0 Staves
 + Level 1.0 Slings
 + Level 1.0 Bows
 + Level 1.0 Crossbows
 + Level 1.0 Throwing
 + Level 1.0 Armour
 + Level 4.6 Dodging
 + Level 4.2 Stealth
 + Level 1.0 Shields
 + Level 1.0 Unarmed Combat
 + Level 5.0 Spellcasting
 + Level 0.7 Conjurations
 + Level 0.7 Hexes
 + Level 0.7 Charms
 + Level 0.7 Summonings
 + Level 7.1 Necromancy
 + Level 0.7 Translocations
 + Level 0.7 Transmutations
 + Level 0.7 Fire Magic
 + Level 0.7 Ice Magic
 + Level 0.7 Air Magic
 + Level 0.7 Earth Magic
 + Level 0.7 Poison Magic
 + Level 1.1 Invocations
 + Level 1.0 Evocations


You had 9 spell levels left.
You knew the following spells:

 Your Spells              Type           Power        Failure   Level  Hunger
a - Pain                  Necr           ####         1%          1    None
b - Regeneration          Chrm/Necr      ###.......   8%          3    ##.....


Dungeon Overview and Level Annotations

Branches:
Dungeon (2/15)

Altars:


Innate Abilities, Weirdness & Mutations

Your experience applies equally to all skills.
((You have very sharp teeth.))
Your uncanny sense of smell can sniff out nearby items.


Message History

Your Long Blades skill increases to level 1!
Your Axes skill increases to level 1!
Your Maces & Flails skill increases to level 1!
Your Polearms skill increases to level 1!
Your Staves skill increases to level 1!
Your Slings skill increases to level 1!
Your Bows skill increases to level 1!
Your Crossbows skill increases to level 1!
Your Throwing skill increases to level 1!
Your Armour skill increases to level 1!
Your Shields skill increases to level 1!
Your Unarmed Combat skill increases to level 1!
Your Invocations skill increases to level 1!
Your Evocations skill increases to level 1!
You have reached level 4!
You feel clever.
* * * LOW HITPOINT WARNING * * *
You feel sick.
It was a potion of lignification.
You turn into a tree.
Your +0 ring mail melds into your body.
Your roots penetrate the ground.
You die...

########
##...>..†
#..###### ###
♣♣##..# # #)..#♣♣
♣♣..#..# #
#...)♣♣♣♣♣......#
#
#...#♣..♣..P...##
### ♣♣♣.♣.P.###
♣♣♣♣♣##


There were no monsters in sight!

Vanquished Creatures
  Crazy Yiuf (D:2)
  A dart slug (D:1)
  A leopard gecko (D:1)
  5 goblins (D:1)
  6 hobgoblins
  4 bats
  3 frilled lizards
  6 kobolds
  2 rats (D:1)
29 creatures vanquished.

Notes
Turn   | Place    | Note
-------+----------+-------------------------------------------
     0 | D:1      | Hylith the Gnoll Necromancer began the quest for the Orb.
     0 | D:1      | Reached XP level 1. HP: 13/13 MP: 6/6
    96 | D:1      | Reached XP level 2. HP: 5/19 MP: 0/7
   480 | D:1      | Reached XP level 3. HP: 8/25 MP: 7/9
   490 | D:1      | Learned a level 3 spell: Regeneration
   510 | D:1      | Reached skill level 5 in Spellcasting
   582 | D:2      | Found a runed door.
   586 | D:2      | Noticed Crazy Yiuf
   597 | D:2      | Killed Crazy Yiuf
   597 | D:2      | Reached skill level 1 in Fighting
   597 | D:2      | Reached skill level 1 in Short Blades
   597 | D:2      | Reached skill level 1 in Long Blades
   597 | D:2      | Reached skill level 1 in Axes
   597 | D:2      | Reached skill level 1 in Maces & Flails
   597 | D:2      | Reached skill level 1 in Polearms
   597 | D:2      | Reached skill level 1 in Staves
   597 | D:2      | Reached skill level 1 in Slings
   597 | D:2      | Reached skill level 1 in Bows
   597 | D:2      | Reached skill level 1 in Crossbows
   597 | D:2      | Reached skill level 1 in Throwing
   597 | D:2      | Reached skill level 1 in Armour
   597 | D:2      | Reached skill level 1 in Shields
   597 | D:2      | Reached skill level 1 in Unarmed Combat
   597 | D:2      | Reached skill level 1 in Invocations
   597 | D:2      | Reached skill level 1 in Evocations
   597 | D:2      | Reached XP level 4. HP: 3/32 MP: 1/11
   597 | D:2      | HP: 1/32 [poisoned by Crazy Yiuf]
   598 | D:2      | Succumbed to Crazy Yiuf's poison

Skill      XL: |  1  2  3 |
---------------+----------+-----
Spellcasting   | 5 |  5.0
Fighting       | 1 |  1.0
Short Blades   | 1 |  1.0
Long Blades    | 1 |  1.0
Axes           | 1 |  1.0
Maces & Flails | 1 |  1.0
Polearms       | 1 |  1.0
Staves         | 1 |  1.0
Slings         | 1 |  1.0
Bows           | 1 |  1.0
Crossbows      | 1 |  1.0
Throwing       | 1 |  1.0
Armour         | 1 |  1.0
Shields        | 1 |  1.0
Unarmed Combat | 1 |  1.0
Invocations    | 1 |  1.1
Evocations     | 1 |  1.0
Dodging        | |  4.6
Stealth        | |  4.2
Conjurations   | |  0.7
Hexes          | |  0.7
Charms         | |  0.7
Summonings     | |  0.7
Necromancy     | |  7.1
Translocations | |  0.7
Transmutations | |  0.7
Fire Magic     | |  0.7
Ice Magic      | |  0.7
Air Magic      | |  0.7
Earth Magic    | |  0.7
Poison Magic   | |  0.7

Action                   |  1- 3 |  4- 6 || total
-------------------------+-------+-------++-------
Melee: Dagger            |     6 |       ||     6
       Long sword        |     3 |       ||     3
       Hand axe          |     3 |       ||     3
       Bite              |     1 |       ||     1
 Cast: Pain              |    47 |       ||    47
       Regeneration      |     1 |       ||     1
  Use: Potion            |       |     1 ||     1
Armor: Ring mail         |     5 |       ||     5
Dodge: Dodged            |     5 |       ||     5
